 Dungeon Crawl Stone Soup version 0.31-a0-466-g98c9adc2b6 (webtiles) character file.

Game seed: 14224095115315868719

60 avis the Caller (level 3, 0/14 HPs)
             Began as a Felid Summoner on Aug 6, 2023.
             Killed by divine providence
             ... invoked by an orc priest
              (14 damage)
             ... on level 3 of the Dungeon.
             The game lasted 00:12:23 (2508 turns).

avis the Caller (Felid Summoner)                    Turns: 2508, Time: 00:12:23

Health: 0/14       AC:  1    Str:  6    XL:     3   Next: 82%
Magic:  4/8        EV: 17    Int: 16    God:
Gold:   175        SH:  0    Dex: 16    Spells: 2/8 levels left
                                        Lives:  0   Deaths: 0

rFire   . . .        (weapon unavailable)
rCold   + . .        (shield unavailable)
rNeg    + . .        (body armour unavailable)
rPois   .            (helmet unavailable)
rElec   .            (cloak unavailable)
rCorr   .            (gloves unavailable)
SInv    +            (boots unavailable)
Will    .....        (no amulet)
Stlth   ++           i - ring of protection from cold
HPRegen 0.22/turn    o - ring of positive energy
MPRegen 0.11/turn

%: no passive effects
@: quick
A: very small, claws 1, fangs 3, see invisible, speed 1, shaggy fur 1, stealthy
paws, no weapons or thrown items, no armour, multi-lived
a: no special abilities


You were on level 3 of the Dungeon.
You visited 1 branch of the dungeon, and saw 3 of its levels.

You collected 175 gold pieces.

Inventory:

Jewellery
 i - a ring of protection from cold (left paw)
 o - a ring of positive energy (right paw)
Talismans
 d - a blade talisman
Scrolls
 b - a scroll of fog {unknown}
 e - a scroll of enchant armour {unknown}
 f - a scroll of fear {unknown}
 n - 2 scrolls of immolation {unknown}
 p - a scroll of vulnerability {unknown}
Potions
 a - a potion of magic
 c - 4 potions of curing {unknown}
 g - a potion of haste {unknown}
 h - a potion of cancellation {unknown}
 j - a potion of lignification {unknown}
 k - a potion of attraction {unknown}
 l - a potion of degeneration {unknown}
 m - a potion of heal wounds {unknown}


   Skills:
 - Level 2.6 Dodging
 - Level 2.6 Stealth
 * Level 3.4 Spellcasting
 + Level 4.5 Summonings


You had 2 spell levels left.
You knew the following spells:

 Your Spells              Type           Power      Damage    Failure   Level
a - Summon Small Mammal   Summ           68%        N/A       2%          1
c - Call Imp              Summ           34%        N/A       4%          2
d - Call Canine Familiar  Summ           17%        N/A       9%          3

Your spell library contained the following spells:

 Spells                   Type           Power      Damage    Failure   Level
 Shock                    Conj/Air       8%         1d3       19%         1
 Sting                    Tmut/Pois      8%         1d3       19%         1
 Poisonous Vapours        Pois/Air       4%         N/A       26%         2
 Summon Guardian Golem    Hex/Summ       10%        N/A       22%         3
 Swiftness                Air            2%         N/A       47%         3
 Summon Lightning Spire   Summ/Air       10%        N/A       56%         4
 Airstrike                Air            1%         2d(1-17)  87%         4
 Olgreb's Toxic Radiance  Pois           2%         N/A       87%         4


Dungeon Overview and Level Annotations

Branches:
Dungeon (3/15)

Altars:


Innate Abilities, Weirdness & Mutations

You have sharp claws.
You have razor-sharp teeth.
You have supernaturally acute eyesight. (SInv)
You cover ground quickly. (Speed+)
You are covered in fur. (AC +1)
Your paws help you pounce on unaware monsters.
You are incapable of wielding weapons or throwing items.
You cannot wear armour.
You gain extra lives every three experience levels.


Message History

Anything else - Cancel.
Gang up on whom?
Press: ? - help, Dir - move target, f - orc
Aim: an orc, wielding a +0 short sword and wearing a +0 chain mail Attack!
Your cerulean imp hits the orc but does no damage.
Your cerulean imp disappears in a puff of smoke!
Your hound bites the orc but does no damage.
The orc hits your hound with a +0 short sword.
Your hound misses the orc. The orc closely misses your hound.
Your hound barely misses the orc.
Casting: Call Canine Familiar (astonishingly dangerous; 9% risk of failure)
Confirm with . or Enter, or press ? or * to list all spells.
A tiny devil pulls itself out of the air.
Your hound bites the orc but does no damage.
The orc hits your hound with a +0 short sword.
What are your orders? t - Meow!
Orders for allies: a - Attack new target. p - Attack previous target. r - Retreat! s - Stop attacking. g - Guard the area. f - Follow me.
Anything else - Cancel.
Gang up on whom?
Press: ? - help, Dir - move target, f/p - orc
Aim: an orc, wielding a +0 short sword and wearing a +0 chain mail (ally target) Attack!
Your hound bites the orc but does no damage.
The orc closely misses your hound.
Your hound barely misses the orc.
Your cerulean imp hits the orc but does no damage.
Your hound closely misses the orc.
The orc closely misses your hound.
Your cerulean imp hits the orc but does no damage.
Your hound bites the orc.
The orc hits your hound with a +0 short sword.
Your hound bites the orc but does no damage.
Your cerulean imp hits the orc but does no damage.
Your hound bites the orc but does no damage.
The orc priest mumbles some strange prayers to Beogh against you.
Beogh smites you!
Ouch! That really hurt!
You die...

######...# #.#..#####..#
##...#######.#.#.......#
#.#..........#5..####.##
##...########.....# #.#
##...............# #.#
##.########.....# #.#
#####)#########)..## #.#
#............>#.### #.#
#.######@####.#.# #.#
#h# #.#.# #.# ..ooooo†5#
#.#.# #.# ..#.###..#
#.#.# #.# #..#
#.#.######.#
.o.###.#.##...#.##
..................
#..###.#......#### .#.#
#.####.......


You could see an orc priest, an orc (ally target), a friendly hound (summoned)
and a friendly cerulean imp (summoned).

Vanquished Creatures
  A dart slug (D:2)
  2 bats (D:1)
  A rat (D:1)
4 creatures vanquished.

Vanquished Creatures (collateral kills)
  2 adders
  3 dart slugs
  2 endoplasms
  4 goblins
  5 hobgoblins
  5 kobolds
  A quokka (D:3)
  4 ball pythons
  2 frilled lizards (D:3)
  4 rats
32 creatures vanquished.

Grand Total: 36 creatures vanquished

Notes
Turn   | Place    | Note
-------+----------+-------------------------------------------
     0 | D:1      | avis the Felid Summoner began the quest for the Orb.
     0 | D:1      | Reached XP level 1. HP: 7/7 MP: 4/4
   325 | D:1      | Reached XP level 2. HP: 11/11 MP: 3/6
   328 | D:1      | Learned a level 2 spell: Call Imp
  1480 | D:2      | Reached XP level 3. HP: 14/14 MP: 8/8
  1635 | D:2      | Learned a level 3 spell: Call Canine Familiar
  2508 | D:3      | Killed from afar by an orc priest

Illustrated notes

Levels and vault maps discovered:
D:1:      heliophobic_arrival_dark_side_of_the_moon, layout_loops_ring,
          minmay_unequal
D:2:      layout_rooms
D:3:      layout_loops_ring

Skill      XL: |  1  2  3 |
---------------+----------+-----
Spellcasting   | 3 |  3.4
Dodging        | |  2.6
Stealth        | |  2.6
Summonings     | |  4.5

Action                     || total
---------------------------++-------
  Melee: Unarmed           ||    11
   Cast: Summon Small Mamm ||    28
         Call Imp          ||    15
         Call Canine Famil ||     5
   Stab: Sleeping          ||     1
 Armour: Skin              ||     2
  Dodge: Dodged            ||    15

Table legend: (Time is in decaauts)
 A = Elapsed time spent in this place.
 B = Non-inter-level travel time spent in this place.
 C = Inter-level travel time spent in this place.
 D = Time resting spent in this place.
 E = Time spent auto-exploring this place.
 F = Levels seen in this place.
 G = Mean time per level.
                   A        B        C        D        E       F      G
               +--------+--------+--------+--------+--------+-----+--------+
         Total |   2134 |   1770 |    364 |    264 |   1057 |   3 |  711.3 |
       Dungeon |   2134 |   1770 |    364 |    264 |   1057 |   3 |  711.3 |
               +--------+--------+--------+--------+--------+-----+--------+

Top non-repeatable levels by time:
     D:1: 1166 daAuts
     D:2: 564 daAuts
     D:3: 404 daAuts
